 Dungeon Crawl Stone Soup version 0.29-a0-887-gcbe080d7e0 (webtiles) character file.

Game seed: 11101287598592386446

5346 xian the Zephyrmancer (level 10, -3/67 HPs)
             Began as a Demonspawn Air Elementalist on July 21, 2022.
             Was an Initiate of Gozag.
             Killed from afar by an electric eel (6 damage)
             ... with a bolt of electricity
             ... on level 8 of the Dungeon.
             The game lasted 00:31:57 (12312 turns).

xian the Zephyrmancer (DsAE)                       Turns: 12312, Time: 00:31:57

Health: -3/67      AC:  8    Str:  8    XL:     10   Next: 38%
Magic:  21/21      EV: 12    Int: 19    God:    Gozag
Gold:   1078       SH:  0    Dex: 16    Spells: 14/24 levels left

rFire   . . .      SeeInvis +   g - +2 hand axe (elec)
rCold   + . .      Faith    .   (no shield)
rNeg    . . .      Spirit   .   f - +2 leather armour "Xofel" {rC+ Slay+2}
rPois   .          Reflect  .   (no helmet)
rElec   .          Harm     .   (no cloak)
rCorr   +          Rampage  .   (no gloves)
Will    .....                   c - +2 pair of boots
Stlth   ++........              B - amulet of the acrobat
HPRegen 0.21/turn               j - ring of see invisible
MPRegen 0.17/turn               h - ring of resist corrosion

@: no status effects
A: claws 1, demonic guardian 1
a: Renounce Religion, Potion Petition, Call Merchant, Bribe Branch


You were on level 8 of the Dungeon.
You worshipped Gozag.
Gozag was most pleased with you.
You visited 2 branches of the dungeon, and saw 9 of its levels.

You collected 1175 gold pieces.
You paid 97 gold pieces to Gozag.

Inventory:

Hand Weapons
 g - a +2 hand axe of electrocution (weapon)
Missiles
 z - a throwing net
Armour
 c - a +2 pair of boots (worn)
 f - the +2 leather armour "Xofel" (worn) {rC+ Slay+2}
   (You found it on level 2 of the Dungeon)

   Slay:      It affects your accuracy & damage with ranged weapons and melee
   (+2).
   rC:        It protects you from cold.
 G - +2 steam dragon scales
Jewellery
 h - a ring of resist corrosion (right claw)
 j - a ring of see invisible (left claw)
 B - an amulet of the acrobat (around neck)
Wands
 u - a wand of paralysis (7)
 v - a wand of mindburst (11)
 A - a wand of flame (33)
 H - a wand of polymorph (8)
Scrolls
 l - 2 scrolls of amnesia
 m - a scroll of fear
 p - 3 scrolls of vulnerability
 q - 3 scrolls of enchant armour
 s - 3 scrolls of teleportation
 x - a scroll of blinking
 y - 2 scrolls of magic mapping
 D - 3 scrolls of poison
 F - 2 scrolls of identify
Potions
 a - a potion of might
 b - a potion of magic
 d - 2 potions of brilliance
 e - 2 potions of mutation
 i - a potion of haste {unknown}
 k - 7 potions of curing {unknown}
 n - 3 potions of flight
 o - a potion of invisibility {unknown}
 r - 3 potions of heal wounds {unknown}
 t - a potion of cancellation {unknown}
 w - a potion of lignification {unknown}
 C - a potion of ambrosia {unknown}
 E - a potion of attraction {unknown}


   Skills:
 + Level 2.0 Fighting
 + Level 0.2 Short Blades
 + Level 3.0(3.1) Axes
 + Level 1.0(2.1) Maces & Flails
 + Level 3.4 Armour
 + Level 3.0 Dodging
 + Level 3.0 Stealth
 + Level 0.1 Unarmed Combat
 + Level 7.5 Spellcasting
 + Level 6.3 Conjurations
 * Level 9.0 Air Magic


You had 14 spell levels left.
You knew the following spells:

 Your Spells              Type           Power      Damage    Failure   Level
a - Shock                 Conj/Air       100%       1d9       1%          1
b - Static Discharge      Conj/Air       36%        3-8/arc   1%          2
c - Airstrike             Air            20%        0-7+      3%          4
d - Swiftness             Air            41%        N/A       1%          3

Your spell library contained the following spells:

 Spells                   Type           Power      Damage    Failure   Level
 Apportation              Tloc           14%        N/A       14%         1
 Freeze                   Ice            28%        1d5       14%         1
 Summon Small Mammal      Summ           28%        N/A       14%         1
 Hailstorm                Conj/Ice       19%        3d6       36%         4
 Call Canine Familiar     Summ           7%         N/A       38%         3
 Frozen Ramparts          Ice            14%        1d3       38%         3
 Ozocubu's Armour         Ice            7%         N/A       38%         3
 Summon Guardian Golem    Hex/Summ       7%         N/A       38%         3
 Alistair's Intoxication  Tmut/Pois      4%         N/A       98%         5
 Ozocubu's Refrigeration  Ice            3%         4d5       100%        7


Dungeon Overview and Level Annotations

Branches:
Dungeon (8/15)             Temple (1/1) D:6            Lair (0/5) D:8

Altars:
Ashenzari
Cheibriados
Dithmenos
Gozag
Hepliaklqana
Kikubaaqudgha
Makhleb
Nemelex Xobeh
Okawaru
Qazlal
Ru
Sif Muna
Trog
Uskayaw
Wu Jian
Xom
Yredelemnul


Innate Abilities, Weirdness & Mutations

You have sharp fingernails.
A weak demonic guardian rushes to your aid.


Message History

The electric eel is almost dead.
The electric eel shoots out a bolt of lightning at you!
The bolt of electricity hits you!
Your iron imp closely misses the electric eel.
You hit the electric eel.
You kill the electric eel!
You hear a splash.
The electric eel shoots out a bolt of lightning at you!
The bolt of electricity hits you!
* * * LOW HITPOINT WARNING * * *
The electric eel shoots out a bolt of lightning at you!
The bolt of electricity hits you!
* * * LOW HITPOINT WARNING * * *
You start resting.
Your iron imp disappears in a puff of smoke!
An electric eel is nearby!
You start resting.
An electric eel is nearby!
You slash the electric eel!
The electric eel is heavily wounded.
The electric eel shoots out a bolt of lightning at you!
The bolt of electricity hits you. The bolt of electricity hits you!
The bolt of electricity hits the electric eel.
The electric eel completely resists.
You completely miss the electric eel.
The electric eel is heavily wounded.
The electric eel shoots out a bolt of lightning at you!
The bolt of electricity hits you!
* * * LOW HITPOINT WARNING * * *
A demonic guardian appears!
The bolt of electricity misses you.
The bolt of electricity hits the electric eel.
The electric eel completely resists.
The electric eel shoots out a bolt of lightning at your quasit!
The bolt of electricity hits your quasit!
The electric eel shoots out a bolt of lightning at you!
The bolt of electricity hits you!
* * * LOW HITPOINT WARNING * * *
The bolt of electricity hits you.
You die...
Your body crumbles into a pile of gold.

#......≈≈≈≈...≈..≈≈≈..
#....≈≈≈≈≈S≈....≈≈≈.≈≈
#.............>..≈≈≈≈.
#...≈≈≈≈≈≈......≈≈≈≈≈≈
#...≈≈≈≈≈≈≈≈≈.≈≈.≈≈≈≈.
#....≈≈≈≈≈≈≈≈≈≈≈≈≈≈≈.≈
#......≈.≈≈≈≈≈≈ ≈≈
#...≈S≈..≈≈≈≈≈≈
#..5.@$....≈≈≈≈
#...........≈≈≈
#...########### #####


You could see 2 electric eels and a friendly quasit (summoned).

Vanquished Creatures
  Pikel (D:4)
  Maggie (D:8)
  A troll (D:8)
  Sigmund (D:6)
  5 yaks
  A water moccasin (D:5)
  A sky beast (D:6)
  2 ice beasts (D:6)
  3 black bears
  3 wolves (D:8)
  An ogre (D:6)
  4 centaurs
  2 phantoms
  2 bullfrogs
  10 killer bees
  A howler monkey (D:7)
  2 electric eels (D:8)
  2 jellies
  6 hounds
  6 orc priests
  3 gnoll boudas
  2 iguanas
  12 orc wizards
  19 gnolls
  6 adders
  A white imp (D:5)
  2 dart slugs
  37 orcs
  11 ball pythons
  6 bats
  5 endoplasms
  4 giant cockroaches
  8 goblins
  7 hobgoblins
  9 jackals
  2 quokkas (D:1)
  6 frilled lizards
  8 kobolds
  3 rats
206 creatures vanquished.

Vanquished Creatures (collateral kills)
  A yak (D:8)
  A hound (D:8)
2 creatures vanquished.

Grand Total: 208 creatures vanquished

Notes
Turn   | Place    | Note
-------+----------+-------------------------------------------
     0 | D:1      | xian the Demonspawn Air Elementalist began the quest for
                  | the Orb.
     0 | D:1      | Reached XP level 1. HP: 13/13 MP: 3/3
   792 | D:1      | Reached skill level 3 in Air Magic
   792 | D:1      | Gained mutation: A weak demonic guardian rushes to your
                  | aid. [demonic ancestry]
   792 | D:1      | Reached XP level 2. HP: 14/19 MP: 0/5
  1484 | D:2      | Reached XP level 3. HP: 22/24 MP: 1/6
  1510 | D:2      | Learned a level 2 spell: Static Discharge
  1889 | D:2      | Found the +4 robe of Augmentation {Str+4 Int+4 Dex+4}
  1904 | D:2      | Found an ornate altar of the Wu Jian Council.
  2129 | D:2      | Identified the +2 leather armour "Xofel" {rC+ Slay+2}
  2210 | D:2      | Reached skill level 1 in Maces & Flails
  2411 | D:3      | Found a faded altar of an unknown god.
  2553 | D:3      | Found an ancient bone altar of Kikubaaqudgha.
  2555 | D:3      | Found a shadowy altar of Dithmenos.
  2558 | D:3      | Reached XP level 4. HP: 30/30 MP: 6/8
  2637 | D:3      | Found a snail-covered altar of Cheibriados.
  3598 | D:3      | Learned a level 4 spell: Airstrike
  3599 | D:4      | Noticed a black bear
  3792 | D:4      | Gained mutation: You have sharp fingernails. [demonic
                  | ancestry]
  3792 | D:4      | Reached XP level 5. HP: 25/35 MP: 0/9
  3991 | D:4      | Killed a black bear
  4129 | D:4      | Reached XP level 6. HP: 39/42 MP: 7/11
  4136 | D:4      | Reached skill level 4 in Air Magic
  4454 | D:4      | Noticed Pikel
  4462 | D:4      | Killed Pikel
  4463 | D:4      | Reached skill level 1 in Fighting
  4463 | D:4      | Reached skill level 1 in Axes
  4463 | D:4      | Reached XP level 7. HP: 30/48 MP: 1/13
  4926 | D:5      | Entered Level 5 of the Dungeon
  5103 | D:5      | Reached skill level 5 in Air Magic
  5166 | D:5      | Reached XP level 8. HP: 53/54 MP: 9/14
  5971 | D:5      | Found a bloodstained altar of Trog.
  6109 | D:6      | Reached skill level 6 in Air Magic
  6111 | D:6      | Reached skill level 5 in Spellcasting
  6243 | D:6      | Found a staircase to the Ecumenical Temple.
  6263 | Temple   | Entered the Ecumenical Temple
  6438 | Temple   | Became a worshipper of Gozag Ym Sagoz the Greedy
  7053 | D:6      | Reached XP level 9. HP: 19/60 MP: 6/17
  7647 | D:6      | Noticed Sigmund
  7662 | D:6      | Killed Sigmund
  7783 | D:6      | Found an iron altar of Okawaru.
  7993 | D:6      | Learned a level 3 spell: Swiftness
  8008 | D:7      | Reached skill level 7 in Air Magic
  8010 | D:7      | Reached skill level 5 in Conjurations
  9376 | D:8      | Noticed a troll
  9382 | D:8      | Found a staircase to the Lair.
  9745 | D:8      | Noticed Maggie
  9852 | D:8      | Killed Maggie
  9891 | D:8      | Reached skill level 8 in Air Magic
 10053 | D:8      | Killed a troll
 10054 | D:8      | Reached XP level 10. HP: 27/67 MP: 4/20
 11879 | D:8      | Reached skill level 9 in Air Magic
 12134 | D:8      | HP: 2/67 [electric eel/bolt of electricity (11)]
 12312 | D:8      | HP: 3/67 [electric eel/bolt of electricity (10)]
 12312 | D:8      | Killed from afar by an electric eel

Illustrated notes

Levels and vault maps discovered:
D:1:      elethiomel_arrival_infinity_welcomes_careful_drivers, layout_basic
D:2:      minmay_chambers_of_ones, layout_rooms, basic_altar,
          grunt_decor_resistance
D:3:      layout_basic, grunt_temple_overflow_open, kennysheep_slug_shrine,
          dreamdust_ecumenical_altar_angels_and_demons,
          kennysheep_decorative_pillar
D:4:      layout_rooms, minmay_misc_feat_diagonals, grunt_ministairs_9,
          uniq_pikel
D:5:      layout_gridville, kennysheep_mini, grunt_ministairs_7,
          nrook_pool_corridor, minmay_parallelograms
D:6:      layout_loops_ring, okawaru_altar_gauntlet_db,
          minmay_temple_entry_glass, chequers_serial_rivers_micro_d,
          kennysheep_diamond, uniq_sigmund
D:7:      nicolae_cairo_tiling_large, layout_loops_corners, minivault_24,
          feat_on_display
D:8:      layout_basic, erik_lair_island, uniq_maggie
Temple:   nicolae_temple_two_arcs

Skill      XL: |  1  2  3  4  5  6  7  8  9 10 |
---------------+-------------------------------+-----
Air Magic      | 3 4 5 6 8 9 |  9.0
Maces & Flails | 1 |  1.0
Spellcasting   | 3 4 5 6 7 |  7.5
Conjurations   | 2 3 4 5 6 |  6.3
Stealth        | 2 3 |  3.0
Fighting       | 1 2 |  2.0
Axes           | 1 2 3 |  3.0
Armour         | 2 3 |  3.4
Dodging        | 2 3 |  3.0
Short Blades   | |  0.2
Unarmed Combat | |  0.1

Action                   |  1- 3 |  4- 6 |  7- 9 | 10-12 || total
-------------------------+-------+-------+-------+-------++-------
Melee: Unarmed           |    25 |       |       |       ||    25
       Mace              |    30 |       |       |       ||    30
       Hand axe          |       |    12 |    57 |     7 ||    76
       Dagger            |       |     1 |       |       ||     1
       Punch             |       |       |     1 |       ||     1
 Cast: Shock             |    80 |    84 |   193 |    80 ||   437
       Static Discharge  |     1 |     8 |    33 |    14 ||    56
       Airstrike         |       |       |     6 |       ||     6
       Swiftness         |       |       |     1 |       ||     1
  Use: Scroll            |     6 |     2 |     6 |     2 ||    16
 Stab: Distracted        |       |       |     1 |       ||     1
Armor: Robe              |    22 |       |       |       ||    22
       Leather armour    |     3 |    14 |    55 |    10 ||    82
Dodge: Dodged            |    61 |    27 |   102 |    29 ||   219

Table legend: (Time is in decaauts)
 A = Elapsed time spent in this place.
 B = Non-inter-level travel time spent in this place.
 C = Inter-level travel time spent in this place.
 D = Time resting spent in this place.
 E = Time spent auto-exploring this place.
 F = Levels seen in this place.
 G = Mean time per level.
                   A        B        C        D        E       F      G
               +--------+--------+--------+--------+--------+-----+--------+
         Total |  12342 |  11974 |    368 |    557 |   9670 |   9 | 1371.3 |
       Dungeon |  12157 |  11797 |    360 |    557 |   9507 |   8 | 1519.6 |
        Temple |    184 |    176 |      8 |      0 |    163 |   1 |  184.0 |
               +--------+--------+--------+--------+--------+-----+--------+

Top non-repeatable levels by time:
     D:7: 2229 daAuts
     D:8: 2093 daAuts
     D:6: 1717 daAuts
     D:3: 1591 daAuts
     D:1: 1477 daAuts
     D:5: 1175 daAuts
     D:4: 971 daAuts
     D:2: 899 daAuts
  Temple: 184 daAuts
